General information
- name: BNet
- type: Ladder team game (AT/RT)
- host: Battle.net
- saver: LeaderofdaP4KXX
map: Cherryville
- players: 8
- length: 24:33
- speed: Fast
- version: 1.21 W3XP
- replay type: Public
» download(251 KB)
Players
team 1 (loser)
Parthian (
purple | 72 APM | 1712 actions | 23:39)
3 Death Knight
2 Death Coil
1 Unholy Aura
2 Lich
1 Frost Nova
1 Frost Armor
» actions
| Assign group hotkey | 21 | |
| Basic commands | 83 | |
| Build / train | 41 | |
| Enter build submenu | 20 | |
| Enter hero's abilities submenu | 6 | |
| Right click | 574 | |
| Select / deselect | 251 | |
| Select group hotkey | 635 | |
| Use ability | 81 | |
1712 total
» units
| Acolyte | 2 | |
| Ghoul | 3 | |
| Crypt Fiend | 8 | |
| Obsidian Statue | 3 | |
| Frost Wyrm | 2 | |
18 total
» upgrades
| Creature Attack | 3 | |
| Creature Carapace | 2 | |
| Burrow | 1 | |
| Web | 1 | |
| Destroyer Form | 1 | |
8 total
» buildings
| Crypt | 1 | |
| Graveyard | 1 | |
| Altar of Darkness | 1 | |
| Ziggurat | 9 | |
| Tomb of Relics | 2 | |
| Nerubian Tower | 1 | |
| Halls of the Dead | 1 | |
| Spirit Tower | 2 | |
| Black Citadel | 1 | |
| Slaughterhouse | 2 | |
| Sacrificial Pit | 1 | |
| Boneyard | 1 | |
23 total
» build order
00:10 Crypt
00:18 Graveyard
00:34 Altar of Darkness
00:51 Ziggurat
01:23 Tomb of Relics
01:52 Ziggurat
02:25 Nerubian Tower
04:21 Halls of the Dead
04:35 Ziggurat
05:40 Ziggurat
06:43 Spirit Tower
08:54 Tomb of Relics
09:25 Black Citadel
10:12 Slaughterhouse
10:36 Ziggurat
11:09 Sacrificial Pit
11:41 Slaughterhouse
15:57 Boneyard
15:57 Ziggurat
17:19 Ziggurat
19:09 Spirit Tower
20:39 Ziggurat
20:40 Ziggurat
» items
| Rod of Necromancy | 1 | |
| Orb of Corruption | 1 | |
| Scroll of Town Portal | 1 | |
3 total
PinkFloydMeddle (
orange | 132 APM | 2946 actions | 22:16)
4 Tauren Chieftain
3 Shockwave
1 Endurance Aura
» actions
| Assign group hotkey | 28 | |
| Basic commands | 34 | |
| Build / train | 65 | |
| ESC pressed | 11 | |
| Enter build submenu | 24 | |
| Enter hero's abilities submenu | 4 | |
| Give item / drop item | 3 | |
| Right click | 1637 | |
| Select / deselect | 277 | |
| Select group hotkey | 698 | |
| Use ability | 165 | |
2946 total
» units
| Peon | 16 | |
| Grunt | 10 | |
| Troll Batrider | 12 | |
38 total
» upgrades
| Pillage | 2 | |
| Backpack | 1 | |
| Melee Weapons | 1 | |
| Armor | 1 | |
5 total
» buildings
| Altar of Storms | 2 | |
| Barracks | 1 | |
| Orc Burrow | 9 | |
| Stronghold | 1 | |
| War Mill | 1 | |
| Voodoo Lounge | 1 | |
| Beastiary | 2 | |
| Watch Tower | 5 | |
22 total
» build order
00:03 Altar of Storms
00:07 Altar of Storms
00:16 Barracks
00:31 Orc Burrow
01:39 Orc Burrow
04:18 Stronghold
04:26 Orc Burrow
04:37 War Mill
04:39 Voodoo Lounge
06:59 Beastiary
07:17 Beastiary
08:41 Orc Burrow
11:18 Watch Tower
11:19 Watch Tower
11:21 Watch Tower
11:24 Watch Tower
11:46 Orc Burrow
14:55 Orc Burrow
14:57 Orc Burrow
16:06 Orc Burrow
16:08 Orc Burrow
17:33 Watch Tower
» items
| Healing Salve | 3 | |
| Potion of Healing | 1 | |
| Potion of Mana | 2 | |
| Scroll of Speed | 1 | |
| Lesser Clarity Potion | 1 | |
| Potion of Lesser Invulnerability | 1 | |
| Staff of Teleportation | 2 | |
11 total
triumvir (
green | 76 APM | 1719 actions | 22:37)
5 Paladin
3 Holy Light
2 Divine Shield
» actions
| Assign group hotkey | 66 | |
| Basic commands | 58 | |
| Build / train | 78 | |
| ESC pressed | 2 | |
| Enter build submenu | 33 | |
| Enter hero's abilities submenu | 6 | |
| Give item / drop item | 1 | |
| Remove unit from queue | 1 | |
| Right click | 594 | |
| Select / deselect | 284 | |
| Select group hotkey | 464 | |
| Use ability | 132 | |
1719 total
» units
| Peasant | 18 | |
| Rifleman | 11 | |
| Dragonhawk Rider | 9 | |
38 total
» upgrades
| Masonry | 3 | |
| Gunpowder | 2 | |
| Long Rifles | 1 | |
| Lumber Harvesting | 2 | |
| Cloud | 1 | |
| Armor | 1 | |
10 total
» buildings
| Altar of Kings | 1 | |
| Farm | 8 | |
| Blacksmith | 1 | |
| Barracks | 1 | |
| Scout Tower | 23 | |
| Arcane Tower | 2 | |
| Lumber Mill | 1 | |
| Guard Tower | 7 | |
| Keep | 1 | |
| Arcane Vault | 1 | |
| Gryphon Aviary | 4 | |
| Castle | 1 | |
| Town Hall | 2 | |
53 total
» build order
00:12 Altar of Kings
00:16 Farm
00:52 Blacksmith
01:03 Barracks
01:22 Farm
02:24 Farm
02:38 Scout Tower
03:00 Farm
03:07 Arcane Tower
03:34 Farm
03:44 Lumber Mill
04:37 Farm
04:48 Scout Tower
04:48 Scout Tower
05:19 Guard Tower
05:43 Scout Tower
06:47 Keep
07:14 Scout Tower
07:14 Scout Tower
08:37 Guard Tower
08:43 Arcane Vault
09:40 Gryphon Aviary
10:35 Scout Tower
10:36 Scout Tower
11:03 Castle
11:07 Gryphon Aviary
11:57 Guard Tower
13:10 Town Hall
13:32 Scout Tower
13:33 Scout Tower
13:41 Scout Tower
13:42 Scout Tower
13:43 Scout Tower
13:43 Scout Tower
14:10 Arcane Tower
14:46 Guard Tower
16:13 Gryphon Aviary
16:14 Gryphon Aviary
16:53 Scout Tower
16:53 Scout Tower
16:53 Scout Tower
17:34 Farm
17:35 Farm
18:33 Guard Tower
19:32 Scout Tower
19:33 Scout Tower
19:33 Scout Tower
19:33 Scout Tower
19:34 Scout Tower
20:13 Town Hall
20:59 Guard Tower
21:10 Guard Tower
» items
| Scroll of Regeneration | 3 | |
| Scroll of Town Portal | 5 | |
| Lesser Clarity Potion | 1 | |
| Healing Salve | 1 | |
10 total
Warbuggy (
blue | 138 APM | 3355 actions | 24:20)
3 Pandaren Brewmaster
2 Breath of Fire
1 Drunken Haze
1 Tauren Chieftain
1 Reincarnation
» actions
| Assign group hotkey | 23 | |
| Basic commands | 38 | |
| Build / train | 64 | |
| ESC pressed | 5 | |
| Enter build submenu | 19 | |
| Enter hero's abilities submenu | 4 | |
| Right click | 1430 | |
| Select / deselect | 438 | |
| Select group hotkey | 1272 | |
| Use ability | 62 | |
3355 total
» units
| Wisp | 17 | |
| Huntress | 5 | |
| Dryad | 13 | |
| Dragonhawk Rider | 1 | |
36 total
» upgrades
| Strength of the Moon | 1 | |
| Strength of the Wild | 4 | |
| Reinforced Hides | 2 | |
| Abolish Magic | 1 | |
| Well Spring | 1 | |
9 total
» buildings
| Moon Well | 7 | |
| Altar of Elders | 2 | |
| Hunter's Hall | 1 | |
| Ancient of War | 2 | |
| Tree of Ages | 1 | |
| Ancient of Lore | 2 | |
| Ancient of Wonders | 1 | |
| Tree of Life | 3 | |
| Ancient Protector | 1 | |
| Tree of Eternity | 1 | |
21 total
» build order
00:18 Moon Well
00:48 Altar of Elders
01:49 Hunter's Hall
02:10 Ancient of War
02:43 Ancient of War
03:02 Moon Well
04:31 Moon Well
04:35 Moon Well
05:56 Tree of Ages
06:09 Moon Well
08:39 Ancient of Lore
08:43 Ancient of Lore
09:01 Ancient of Wonders
09:18 Altar of Elders
10:23 Tree of Life
10:30 Tree of Life
10:35 Ancient Protector
11:05 Moon Well
13:44 Moon Well
15:16 Tree of Life
15:24 Tree of Eternity
» items
| Scroll of Town Portal | 4 | |
| Potion of Healing | 2 | |
| Potion of Mana | 1 | |
| Boots of Speed | 1 | |
| Circlet of Nobility | 2 | |
| Orb of Corruption | 2 | |
12 total
team 2 (winner)
ChEEsErOfThEP4K (
yellow | 83 APM | 2024 actions | 24:20)
3 Tauren Chieftain
2 Shockwave
1 Endurance Aura
» actions
| Assign group hotkey | 19 | |
| Basic commands | 40 | |
| Build / train | 37 | |
| Enter build submenu | 15 | |
| Enter hero's abilities submenu | 3 | |
| Right click | 1037 | |
| Select / deselect | 197 | |
| Select group hotkey | 557 | |
| Use ability | 119 | |
2024 total
» units
» upgrades
» buildings
| Altar of Storms | 2 | |
| Orc Burrow | 5 | |
| Barracks | 1 | |
| Voodoo Lounge | 2 | |
| Stronghold | 6 | |
| Great Hall | 3 | |
19 total
» build order
00:09 Altar of Storms
00:21 Orc Burrow
00:37 Barracks
01:27 Orc Burrow
01:54 Voodoo Lounge
03:12 Stronghold
03:13 Stronghold
03:13 Stronghold
03:41 Orc Burrow
13:46 Great Hall
16:10 Orc Burrow
17:05 Orc Burrow
19:11 Great Hall
20:10 Great Hall
21:48 Voodoo Lounge
23:23 Stronghold
23:23 Stronghold
23:24 Stronghold
23:27 Altar of Storms
» items
| Healing Salve | 2 | |
| Lesser Clarity Potion | 2 | |
| Scroll of Town Portal | 2 | |
| Boots of Speed | 1 | |
| Scroll of Speed | 1 | |
8 total
FeederoftheP4K (
teal | 124 APM | 3029 actions | 24:20)
5 Death Knight
3 Death Coil
2 Unholy Aura
4 Dreadlord
2 Sleep
2 Carrion Swarm
3 Lich
2 Frost Nova
1 Frost Armor
» actions
| Assign group hotkey | 37 | |
| Basic commands | 65 | |
| Build / train | 81 | |
| Enter build submenu | 21 | |
| Enter hero's abilities submenu | 12 | |
| Give item / drop item | 3 | |
| Right click | 1648 | |
| Select / deselect | 302 | |
| Select group hotkey | 739 | |
| Use ability | 121 | |
3029 total
» units
| Acolyte | 8 | |
| Ghoul | 4 | |
| Crypt Fiend | 7 | |
| Goblin Zeppelin | 3 | |
| Goblin Shredder | 1 | |
| Frost Wyrm | 4 | |
| Necromancer | 3 | |
30 total
» upgrades
| Creature Attack | 3 | |
| Creature Carapace | 3 | |
| Necromancer Training | 2 | |
| Ghoul Frenzy | 1 | |
| Web | 1 | |
| Burrow | 1 | |
| Freezing Breath | 1 | |
12 total
» buildings
| Crypt | 1 | |
| Altar of Darkness | 1 | |
| Graveyard | 1 | |
| Ziggurat | 8 | |
| Tomb of Relics | 1 | |
| Halls of the Dead | 1 | |
| Black Citadel | 1 | |
| Temple of the Damned | 1 | |
| Sacrificial Pit | 1 | |
| Spirit Tower | 2 | |
| Nerubian Tower | 1 | |
| Boneyard | 3 | |
| Necropolis | 2 | |
24 total
» build order
00:24 Crypt
00:26 Altar of Darkness
00:56 Graveyard
01:00 Ziggurat
01:19 Ziggurat
01:41 Tomb of Relics
03:44 Ziggurat
03:49 Ziggurat
05:11 Halls of the Dead
07:36 Black Citadel
08:47 Temple of the Damned
08:50 Sacrificial Pit
09:00 Spirit Tower
09:01 Nerubian Tower
10:34 Boneyard
11:30 Boneyard
12:21 Boneyard
14:05 Ziggurat
14:06 Ziggurat
14:07 Ziggurat
14:11 Necropolis
14:12 Ziggurat
15:35 Spirit Tower
23:19 Necropolis
» items
| Rod of Necromancy | 2 | |
| Sacrificial Skull | 1 | |
| Orb of Corruption | 3 | |
| Scroll of Healing | 3 | |
| Scroll of Town Portal | 3 | |
| Potion of Mana | 1 | |
| Periapt of Vitality | 1 | |
| Boots of Speed | 1 | |
15 total
GangsterofDaP4k (
pink | 71 APM | 1717 actions | 24:20)
5 Death Knight
3 Death Coil
2 Unholy Aura
4 Lich
2 Frost Nova
2 Dark Ritual
3 Dreadlord
1 Sleep
2 Carrion Swarm
» actions
| Assign group hotkey | 25 | |
| Basic commands | 3 | |
| Build / train | 80 | |
| Enter build submenu | 23 | |
| Enter hero's abilities submenu | 13 | |
| Give item / drop item | 2 | |
| Remove unit from queue | 8 | |
| Right click | 753 | |
| Select / deselect | 353 | |
| Select group hotkey | 340 | |
| Use ability | 116 | |
1717 total
» units
| Acolyte | 11 | |
| Ghoul | 3 | |
| Crypt Fiend | 4 | |
| Goblin Shredder | 1 | |
| Frost Wyrm | 8 | |
27 total
» upgrades
| Web | 1 | |
| Creature Attack | 3 | |
| Creature Carapace | 3 | |
| Burrow | 1 | |
| Freezing Breath | 1 | |
9 total
» buildings
| Graveyard | 1 | |
| Crypt | 1 | |
| Ziggurat | 12 | |
| Altar of Darkness | 1 | |
| Tomb of Relics | 1 | |
| Nerubian Tower | 1 | |
| Halls of the Dead | 1 | |
| Spirit Tower | 4 | |
| Black Citadel | 1 | |
| Necropolis | 2 | |
| Sacrificial Pit | 1 | |
| Boneyard | 5 | |
31 total
» build order
00:15 Graveyard
00:18 Crypt
00:41 Ziggurat
01:01 Altar of Darkness
01:20 Ziggurat
01:43 Tomb of Relics
02:26 Nerubian Tower
04:21 Halls of the Dead
04:55 Ziggurat
06:44 Ziggurat
06:46 Ziggurat
06:46 Ziggurat
06:47 Ziggurat
07:36 Spirit Tower
07:38 Spirit Tower
07:40 Spirit Tower
07:42 Spirit Tower
08:30 Black Citadel
08:38 Necropolis
09:51 Sacrificial Pit
11:02 Boneyard
11:04 Boneyard
11:56 Boneyard
14:55 Ziggurat
17:43 Necropolis
17:50 Spirit Tower
17:54 Ziggurat
18:42 Boneyard
18:55 Boneyard
19:35 Ziggurat
20:00 Ziggurat
20:03 Ziggurat
» items
| Rod of Necromancy | 2 | |
| Potion of Healing | 4 | |
| Scroll of Town Portal | 6 | |
| Potion of Mana | 1 | |
| Orb of Corruption | 1 | |
14 total
LeaderofdaP4KXX (
red | 142 APM | 3486 actions | 24:33)
4 Death Knight
2 Death Coil
2 Unholy Aura
3 Pit Lord
1 Rain of Fire
2 Howl of Terror
3 Pandaren Brewmaster
2 Breath of Fire
1 Drunken Haze
» actions
| Assign group hotkey | 29 | |
| Basic commands | 21 | |
| Build / train | 134 | |
| ESC pressed | 3 | |
| Enter build submenu | 38 | |
| Enter hero's abilities submenu | 10 | |
| Give item / drop item | 1 | |
| Right click | 1003 | |
| Select / deselect | 689 | |
| Select group hotkey | 1465 | |
| Use ability | 93 | |
3486 total
» units
| Acolyte | 25 | |
| Ghoul | 9 | |
| Goblin Shredder | 12 | |
| Obsidian Statue | 1 | |
| Necromancer | 4 | |
| Frost Wyrm | 5 | |
| Meatwagon | 2 | |
| Goblin Sapper | 5 | |
63 total
» upgrades
| Creature Carapace | 3 | |
| Creature Attack | 4 | |
| Necromancer Training | 2 | |
| Skeletal Longevity | 1 | |
| Banshee Training | 1 | |
| Skeletal Mastery | 1 | |
| Ghoul Frenzy | 1 | |
| Freezing Breath | 1 | |
14 total
» buildings
| Crypt | 2 | |
| Altar of Darkness | 1 | |
| Ziggurat | 17 | |
| Necropolis | 2 | |
| Halls of the Dead | 3 | |
| Graveyard | 1 | |
| Tomb of Relics | 1 | |
| Spirit Tower | 4 | |
| Black Citadel | 5 | |
| Temple of the Damned | 1 | |
| Slaughterhouse | 1 | |
| Sacrificial Pit | 2 | |
| Boneyard | 5 | |
45 total
» build order
00:05 Crypt
00:06 Crypt
00:08 Altar of Darkness
00:39 Ziggurat
01:03 Ziggurat
03:30 Necropolis
04:23 Halls of the Dead
04:23 Halls of the Dead
04:34 Graveyard
04:35 Ziggurat
05:13 Ziggurat
05:23 Tomb of Relics
05:44 Ziggurat
05:46 Ziggurat
06:26 Spirit Tower
06:26 Spirit Tower
06:27 Ziggurat
06:27 Ziggurat
07:15 Spirit Tower
07:38 Spirit Tower
08:07 Black Citadel
08:08 Black Citadel
08:10 Temple of the Damned
08:11 Slaughterhouse
08:47 Sacrificial Pit
10:35 Boneyard
10:36 Sacrificial Pit
10:38 Boneyard
10:38 Boneyard
10:39 Boneyard
10:40 Boneyard
10:41 Ziggurat
10:41 Ziggurat
10:53 Ziggurat
12:43 Ziggurat
12:44 Ziggurat
12:44 Ziggurat
19:39 Necropolis
23:58 Ziggurat
23:58 Ziggurat
23:59 Ziggurat
» items
| Scroll of Town Portal | 4 | |
| Boots of Speed | 1 | |
5 total
Chat log
(00:08 / Allies) GangsterofDaP4k: try hard boy slol
(00:09 / Allies) FeederoftheP4K: cute
(00:12 / Allies) LeaderofdaP4KXX: get me a shreader
(00:14 / Allies) FeederoftheP4K: these guys on THIS ap
(00:15 / Allies) FeederoftheP4K: map
(00:18 / Allies) LeaderofdaP4KXX: so i can ghoul hit
(00:23 / All) triumvir: going rifles then
(00:30 / All) GangsterofDaP4k: same
(00:35 / All) ChEEsErOfThEP4K: lol
(00:39 / All) Parthian: sweet
(00:41 / All) Parthian: ud rifles
(00:41 / All) Warbuggy: zergling rush ?
(00:47 / All) ChEEsErOfThEP4K: lol
(00:47 / Allies) FeederoftheP4K: xx, of course i'll do that, but i saw you do a seriously gosu thing where you stole the enemys shrdder
(00:47 / All) ChEEsErOfThEP4K: :D
(00:50 / All) GangsterofDaP4k: think outside the box mate
(00:52 / Allies) FeederoftheP4K: can you do that agaain?
(00:55 / All) GangsterofDaP4k: fast creeping a dr charm a peasant
(00:58 / All) GangsterofDaP4k: rifles my boy rifles
(01:00 / Allies) LeaderofdaP4KXX: black peo
(01:05 / Allies) LeaderofdaP4KXX: always stealing
(01:07 / All) Parthian: lol
(01:09 / All) Parthian: gl hf
(01:13 / All) LeaderofdaP4KXX: gkl hf
(01:15 / All) GangsterofDaP4k: u 2
(01:16 / Allies) FeederoftheP4K: black peon always stealing?
(01:24 / Allies) FeederoftheP4K: you cant be serious
(01:42 / Allies) LeaderofdaP4KXX: thats my mototo
(01:43 / All) ChEEsErOfThEP4K: OR CAN HE
(01:44 / Allies) FeederoftheP4K: pink
(01:46 / Allies) LeaderofdaP4KXX: for stealing shreaders
(01:48 / Allies) FeederoftheP4K: which expo do you want
(01:59 / Allies) FeederoftheP4K: k
(02:07 / Allies) LeaderofdaP4KXX: top people got middle expo
(03:15 / All) GangsterofDaP4k: just a thriller!
(03:23 / Allies) ChEEsErOfThEP4K: 2 on me
(04:18 / Allies) GangsterofDaP4k: coming in a sec
(04:40 / Allies) FeederoftheP4K: xx
(04:42 / Allies) FeederoftheP4K: shredder
(04:45 / Allies) GangsterofDaP4k: go all
(04:46 / Allies) LeaderofdaP4KXX: need gold
(04:50 / Allies) LeaderofdaP4KXX: andd supply first
(04:55 / Allies) LeaderofdaP4KXX: save
(05:28 / Allies) GangsterofDaP4k: julian come man
(05:36 / Allies) FeederoftheP4K: whats the point
(05:42 / Allies) ChEEsErOfThEP4K: gold
(05:58 / Allies) LeaderofdaP4KXX: save
(06:06 / Allies) ChEEsErOfThEP4K: GOLd
(06:07 / Allies) ChEEsErOfThEP4K: NOW
(06:09 / Allies) ChEEsErOfThEP4K: OR NO REPAIr
(06:10 / Allies) ChEEsErOfThEP4K: GOLD
(06:11 / Allies) GangsterofDaP4k: WALK HERE
(06:14 / Allies) FeederoftheP4K: he
(06:15 / Allies) FeederoftheP4K: can
(06:16 / Allies) FeederoftheP4K: NOT
(06:17 / Allies) FeederoftheP4K: BE
(06:18 / Allies) FeederoftheP4K: SAVED
(06:34 / Allies) GangsterofDaP4k: can't lose him that fast son
(06:48 / Allies) LeaderofdaP4KXX: sotp crepeing fool
(06:49 / Allies) LeaderofdaP4KXX: go hit
(06:53 / Allies) FeederoftheP4K: k
(07:11 / Allies) GangsterofDaP4k: go b4
(07:12 / Allies) ChEEsErOfThEP4K: what kinda shit is tha
(07:14 / Allies) ChEEsErOfThEP4K: you couldve saved me
(07:14 / Allies) GangsterofDaP4k: they get me or xx's expo
(07:16 / Allies) ChEEsErOfThEP4K: you know
(07:19 / Allies) ChEEsErOfThEP4K: you just crept
(07:20 / Allies) ChEEsErOfThEP4K: wtf
(07:21 / Allies) ChEEsErOfThEP4K: -.-
(07:22 / Allies) FeederoftheP4K: no, i dont
(07:23 / Allies) FeederoftheP4K: wtf
(07:27 / Allies) FeederoftheP4K: there was too much
(07:31 / Allies) ChEEsErOfThEP4K: you shoul'dve came down
(07:36 / Allies) ChEEsErOfThEP4K: they were focusing my damn hall
(07:39 / Allies) ChEEsErOfThEP4K: this isnt old proto
(07:45 / Allies) LeaderofdaP4KXX: save
(07:46 / Allies) LeaderofdaP4KXX: save
(08:39 / Allies) ChEEsErOfThEP4K: i killed the alter
(08:43 / Allies) ChEEsErOfThEP4K: blue wont be teching for awhile
(08:52 / Allies) LeaderofdaP4KXX: crepe eand expo
(09:01 / Allies) GangsterofDaP4k: send something here for me julian
(09:08 / Allies) FeederoftheP4K: where?
(09:09 / Allies) ChEEsErOfThEP4K: i goti t
(09:16 / Allies) ChEEsErOfThEP4K: sending peon
(09:24 / Allies) ChEEsErOfThEP4K: gold/wood
(09:28 / Allies) ChEEsErOfThEP4K: for reexpo
(09:50 / Allies) ChEEsErOfThEP4K: you shouldve helped diabloss
(09:55 / Allies) ChEEsErOfThEP4K: never assume nothing at beginning of game
(10:11 / Allies) ChEEsErOfThEP4K: mike took out like 6 units just harassing them
(10:19 / Allies) ChEEsErOfThEP4K: omw
(10:32 / Allies) GangsterofDaP4k: going ot my expo
(10:34 / Allies) ChEEsErOfThEP4K: hit
(10:34 / Allies) ChEEsErOfThEP4K: now
(10:35 / Allies) ChEEsErOfThEP4K: hit no
(10:47 / Allies) LeaderofdaP4KXX: scout
(11:02 / Allies) LeaderofdaP4KXX: kill orc
(11:02 / Allies) ChEEsErOfThEP4K: dont creep it
(11:04 / Allies) ChEEsErOfThEP4K: -.-
(11:06 / Allies) ChEEsErOfThEP4K: HIT THEM
(11:12 / Allies) FeederoftheP4K: just want item
(11:39 / Allies) LeaderofdaP4KXX: if u need wood ask
(11:42 / Allies) FeederoftheP4K: fuck you and let me play
(11:47 / Allies) LeaderofdaP4KXX: gold me?
(11:54 / Allies) LeaderofdaP4KXX: expo
(12:26 / Allies) LeaderofdaP4KXX: expo
(12:27 / Allies) ChEEsErOfThEP4K: burrow smash
(12:29 / Allies) ChEEsErOfThEP4K: i habve
(12:30 / Allies) ChEEsErOfThEP4K: no gold
(12:30 / Allies) ChEEsErOfThEP4K: woo
(12:32 / Allies) ChEEsErOfThEP4K: i cant expo
(13:37 / Allies) ChEEsErOfThEP4K: shit diabloss we got no tp :(
(13:41 / Allies) ChEEsErOfThEP4K: get uot
(13:41 / Allies) ChEEsErOfThEP4K: lol
(13:43 / Allies) FeederoftheP4K: OIMFG
(13:45 / Allies) LeaderofdaP4KXX: expo fool
(13:45 / Allies) FeederoftheP4K: YOUR RRGHT
(14:56 / Allies) ChEEsErOfThEP4K: rape em
(15:02 / Allies) FeederoftheP4K: WOOD
(15:05 / Allies) FeederoftheP4K: for frosts
(15:18 / Allies) ChEEsErOfThEP4K: sorry
(15:18 / Allies) ChEEsErOfThEP4K: lol
(15:23 / Allies) ChEEsErOfThEP4K: no touch :D
(15:38 / Allies) ChEEsErOfThEP4K: necropolos
(15:51 / Allies) GangsterofDaP4k: gold?
(16:04 / Allies) ChEEsErOfThEP4K: wathc wagon
(16:22 / Allies) ChEEsErOfThEP4K: ok ima just feed
(16:22 / Allies) ChEEsErOfThEP4K: lol
(16:26 / Allies) GangsterofDaP4k: feed me gold
(16:34 / Allies) ChEEsErOfThEP4K: need good
(16:35 / Allies) ChEEsErOfThEP4K: lol
(16:54 / Allies) ChEEsErOfThEP4K: mike
(16:55 / Allies) ChEEsErOfThEP4K: keep at him
(16:58 / Allies) ChEEsErOfThEP4K: no bats = win
(16:59 / Allies) ChEEsErOfThEP4K: foru s
(17:20 / Allies) ChEEsErOfThEP4K: kill him off
(17:21 / Allies) ChEEsErOfThEP4K: and we win
(17:24 / Allies) ChEEsErOfThEP4K: basically
(17:30 / Allies) ChEEsErOfThEP4K: hit hit
(17:40 / Allies) LeaderofdaP4KXX: expo again
(17:51 / Allies) ChEEsErOfThEP4K: xx
(17:52 / Allies) ChEEsErOfThEP4K: take out orc
(17:58 / Allies) ChEEsErOfThEP4K: he rebuilt
(18:37 / Allies) GangsterofDaP4k: al of them
(18:47 / Allies) GangsterofDaP4k: tp out?
(18:48 / Allies) ChEEsErOfThEP4K: sac? and hit
(18:50 / Allies) ChEEsErOfThEP4K: sac and hit
(18:58 / Allies) FeederoftheP4K: im not ready
(19:02 / Allies) GangsterofDaP4k: gold me
(19:15 / Allies) ChEEsErOfThEP4K: clear xx
(19:42 / Allies) GangsterofDaP4k: will we b ready to
(19:44 / Allies) GangsterofDaP4k: save this
(19:44 / Allies) ChEEsErOfThEP4K: suicide -.-
(19:56 / Allies) ChEEsErOfThEP4K: just hit diabloss
(19:56 / Allies) GangsterofDaP4k: i got yards up
(19:58 / Allies) GangsterofDaP4k: i don't want this to die
(19:59 / Allies) ChEEsErOfThEP4K: don suicide
(20:31 / Allies) GangsterofDaP4k: ut xx
(21:51 / Allies) GangsterofDaP4k: rape dyour boy
(22:14 / Allies) GangsterofDaP4k: hit together and its over
(22:17 / Allies) GangsterofDaP4k: green has no hero or units
(22:21 / Allies) ChEEsErOfThEP4K: its already over lol
(22:22 / All) GangsterofDaP4k: Gee gee
(23:28 / Allies) GangsterofDaP4k: gold tejus
(23:29 / All) LeaderofdaP4KXX: gg
(23:33 / All) Parthian: gg
(23:37 / Allies) GangsterofDaP4k: ty